 Dungeon Crawl Stone Soup version 0.29.1-2-gbd0b4ee654 (webtiles) character file.

Game seed: 16842571961937850445

159 qeuew the Shield-Bearer (level 5, -4/28 HPs)
             Began as a Vine Stalker Fighter on Nov 8, 2022.
             Was an Initiate of Trog.
             Slain by Grinder (5 damage)
             ... on level 3 of the Dungeon.
             The game lasted 00:03:30 (2058 turns).

qeuew the Shield-Bearer (Vine Stalker Fighter)      Turns: 2058, Time: 00:03:31

Health: -4/28      AC:  7    Str: 19    XL:     5   Next: 40%
Magic:  0/7        EV:  9    Int:  8    God:    Trog [......]
Gold:   83         SH:  5    Dex: 15    Spells: 6/6 levels left

rFire   . . .      SeeInvis .   a - +0 war axe (vamp)
rCold   . . .      Faith    .   c - +0 buckler
rNeg    . . .      Spirit   +   b - +0 scale mail
rPois   .          Reflect  .   (no helmet)
rElec   .          Harm     .   (no cloak)
rCorr   .          Rampage  .   (no gloves)
Will    .....                   h - +0 pair of boots
Stlth   ..........              (no amulet)
HPRegen 0.89/turn               (no ring)
MPRegen 0.10/turn               (no ring)

@: no status effects
A: fangs 2, regeneration 1, magic shield, antimagic bite, no potion heal 2
a: Renounce Religion


You were on level 3 of the Dungeon.
You worshipped Trog.
Trog was noncommittal.
You visited 1 branch of the dungeon, and saw 3 of its levels.

You collected 83 gold pieces.

Inventory:

Hand Weapons
 a - a +0 vampiric war axe (weapon)
Armour
 b - a +0 scale mail (worn)
 c - a +0 buckler (worn)
 h - a +0 pair of boots (worn)
Jewellery
 k - a ring of protection from cold
Wands
 g - a wand of flame (2)
Scrolls
 i - 2 scrolls of teleportation
 j - a scroll of blinking {unknown}
Potions
 d - a potion of might
 e - a potion of attraction
 f - a potion of curing
 l - a potion of magic


   Skills:
 + Level 3.3 Fighting
 + Level 2.6 Axes
 + Level 3.0 Armour
 + Level 1.3 Dodging
 + Level 3.3 Shields
 - Level 1.1 Spellcasting


You had 6 spell levels left.
You didn't know any spells.
Your spell library contained the following spells:

 Spells                   Type           Power      Damage    Failure   Level
 Sublimation of Blood     Necr           0%         N/A       93%         2
 Petrify                  Tmut/Erth      0%         N/A       100%        4
 Irradiate                Conj/Tmut      0%         3d11      100%        5


Dungeon Overview and Level Annotations

Branches:
Dungeon (3/15)

Altars:
Trog

Annotations:
D:3 Grinder


Innate Abilities, Weirdness & Mutations

You have extremely sharp teeth.
Your natural rate of healing is unusually fast.
When hurt, damage is shared between your health and your magic reserves.
Your bite disrupts and absorbs the magic of your enemies.
Potions cannot restore your health.


Message History

Grinder hits you! Grinder gestures at you. You resist with some effort.
You slash Grinder! You bite Grinder.
Grinder's magic leaks into the air.
You drain her magic.
You feel invigorated.
Grinder is severely wounded.
Grinder hits you!
You writhe in agony.
You are too injured to fight recklessly!
You are too injured to fight recklessly!
You are too injured to fight recklessly!
You are too injured to fight recklessly!
You are too injured to fight recklessly!
You are too injured to fight recklessly!
You are too injured to fight recklessly!
You are too injured to fight recklessly!
You are too injured to fight recklessly!
You are too injured to fight recklessly!
You are too injured to fight recklessly!
You are too injured to fight recklessly!
You are too injured to fight recklessly!
You hit Grinder but do no damage. Your bite misses Grinder.
Grinder is severely wounded.
Grinder misses you.
Grinder zaps a wand.
The bolt of light hits you!
* * * LOW HITPOINT WARNING * * *
You closely miss Grinder.
Grinder is severely wounded.
You block Grinder's attack.
You barely miss Grinder. Your bite misses Grinder.
Grinder is severely wounded.
Grinder hits you.
* * * LOW HITPOINT WARNING * * *
You writhe in agony.
* * * LOW HITPOINT WARNING * * *
You block Grinder's attack.
You closely miss Grinder.
Grinder is severely wounded.
Grinder hits you.
* * * LOW HITPOINT WARNING * * *
You writhe in agony.
You die...

.########
........###
......5@..#
#######.#.#
#.#.#
#.#.#######
#.#.......#
#.#######.#
#.# #.# ..#
#.# ####
#.#


You could see Grinder (magic disrupted).

Vanquished Creatures
  Ijyb (D:3)
  Natasha (D:3)
  A gnoll (D:1)
  3 adders
  2 worms
  4 dart slugs
  4 endoplasms
  13 giant cockroaches
  4 goblins
  5 hobgoblins
  3 kobolds
  2 quokkas
  6 ball pythons
  4 bats
  A frilled lizard (D:1)
  4 rats
58 creatures vanquished.

Notes
Turn   | Place    | Note
-------+----------+-------------------------------------------
     0 | D:1      | qeuew the Vine Stalker Fighter began the quest for the Orb.
     0 | D:1      | Reached XP level 1. HP: 11/11 MP: 2/2
   194 | D:1      | Reached XP level 2. HP: 11/16 MP: 1/3
   631 | D:1      | Reached XP level 3. HP: 14/19 MP: 3/5
   920 | D:2      | Reached skill level 1 in Spellcasting
  1007 | D:2      | Found a bloodstained altar of Trog.
  1055 | D:2      | Became a worshipper of Trog the Wrathful
  1133 | D:2      | Gained mutation: Your natural rate of healing is unusually
                  | fast. [Vine Stalker growth]
  1133 | D:2      | Reached XP level 4. HP: 22/24 MP: 6/6
  1531 | D:2      | Reached skill level 1 in Dodging
  1854 | D:3      | Noticed Ijyb
  1882 | D:3      | Killed Ijyb
  1883 | D:3      | Reached XP level 5. HP: 14/28 MP: 3/7
  1964 | D:3      | Noticed Natasha
  1974 | D:3      | Killed Natasha
  2050 | D:3      | Noticed Grinder
  2058 | D:3      | HP: 1/28 [Grinder (5)]
  2058 | D:3      | Slain by Grinder

Illustrated notes

Levels and vault maps discovered:
D:1:      heliophobic_arrival_battle_scene, layout_basic,
          nicolae_concentric_dashed_squares_wild, dreamdust_princess_corridor
D:2:      minmay_roachtagon, layout_basic, basic_altar, minmay_tripent
D:3:      layout_loops_ring, uniq_grinder, uniq_ijyb, uniq_natasha

Skill      XL: |  1  2  3  4  5 |
---------------+----------------+-----
Axes           | 2 |  2.6
Shields        | 3 |  3.3
Spellcasting   | 1 |  1.1
Fighting       | 3 |  3.3
Dodging        | 1 |  1.3
Armour         | 3 |  3.0

Action                   |  1- 3 |  4- 6 || total
-------------------------+-------+-------++-------
Melee: War axe           |    57 |    78 ||   135
       Bite              |    14 |    16 ||    30
  Use: Scroll            |     3 |     5 ||     8
       Potion            |       |     1 ||     1
Armor: Scale mail        |    17 |    32 ||    49
Dodge: Dodged            |    23 |    27 ||    50
Block: Buckler           |     8 |    19 ||    27
